 Dungeon Sprint DCSS version 0.21.0-3-g78d12a8bdd (webtiles) character file.

943 Quolop the Protected (level 7, 0/74 HPs)
             Began as a Minotaur Fighter on Jan 12, 2018.
             Was a Believer of Okawaru.
             Slain by an eight-headed hydra (9 damage)
             ... in the Dungeon (Sprint IX: "|||||||||||||||||||||||||||||").
             The game lasted 00:02:44 (503 turns).

Quolop the Protected (Minotaur Fighter)              Turns: 503, Time: 00:02:45

Health: 0/74       AC: 13    Str: 31    XL:     7   Next: 88%
Magic:  6/6        EV: 10    Int:  8    God:    Okawaru [**....]
Gold:   0          SH: 13    Dex:  9    Spells: 6/6 levels left

rFire    . . .     SeeInvis .   o - +2 scimitar (protect)
rCold    . . .     Gourm    .   c - +0 shield
rNeg     . . .     Faith    .   t - +1 scale mail
rPois    .         Spirit   .   (helmet restricted)
rElec    .         Reflect  .   p - +0 cloak
rCorr    .         Harm     .   q - +0 pair of gloves
MR       .....     NoTele   +   (no boots)
Stlth    ..........             (no amulet)
HPRegen  0.22/turn              r - +3 ring of intelligence
MPRegen  0.10/turn              s - +3 ring of strength

@: mighty, very slightly contaminated, hasted and slowed
A: retaliatory headbutt, horns 2
a: Heroism, Renounce Religion


You were in the Dungeon.
You worshipped Okawaru.
Okawaru was pleased with you.
You were not hungry.

You visited 1 branch

Inventory:

Hand Weapons
 a - a +0 long sword
 o - a +2 scimitar of protection (weapon)
Armour
 b - a +0 scale mail
 c - a +0 shield (worn)
 p - a +0 cloak (worn)
 q - a +0 pair of gloves (worn)
 t - a +1 scale mail (worn)
Jewellery
 r - a +3 ring of intelligence (left hand)
 s - a +3 ring of strength (right hand)
Wands
 n - a wand of iceblast (8)
Scrolls
 k - a scroll of blinking
 l - 3 scrolls of remove curse
 m - 2 scrolls of amnesia
Potions
 e - 5 potions of curing
 g - a potion of invisibility
 i - 4 potions of magic
 j - 2 potions of heal wounds
Comestibles
 f - a ration


   Skills:
 + Level 11.0 Fighting
 + Level 10.5 Long Blades
 + Level 11.1 Armour
 + Level 1.5 Dodging
 + Level 10.3 Shields


You had 6 spell levels left.
You didn't know any spells.

Dungeon Overview and Level Annotations

Branches:
Dungeon (1/1)

Altars:
Cheibriados
Dithmenos
Elyvilon
Fedhas
Gozag
Hepliaklqana
Kikubaaqudgha
Makhleb
Nemelex Xobeh
Okawaru
Qazlal
Ru
Sif Muna
Trog
Uskayaw
Vehumet
Wu Jian
Xom
Yredelemnul
Zin
The Shining One
Beogh
Jiyva
Lugonu


Innate Abilities, Weirdness & Mutations

You reflexively headbutt those who attack you in melee.
You have a pair of horns on your head.


Message History

The mass of ice explodes!
The iceblast engulfs the eight-headed hydra.
The eight-headed hydra is moderately wounded.
The iceblast engulfs the brown ugly thing.
The brown ugly thing is moderately wounded.
Evoke which item? (* to show all) (? for menu, Esc to quit)
Aiming: Iceblast
Press: ? - help, Shift-Dir - straight line, f/p - eight-headed hydra
Aim: an eight-headed hydra (moderately wounded)
The mass of ice explodes!
The iceblast engulfs the eight-headed hydra.
The eight-headed hydra is heavily wounded.
The iceblast engulfs the brown ugly thing.
The brown ugly thing is heavily wounded.
Wield which item (- for none, * to show all)? (? for menu, Esc to quit)
Okay, then.
You feel yourself speed up.
The orc wizard casts a spell.
The orc wizard blinks!
The eight-headed hydra bites you!
You die...

▓.▓
▓|▓
▓)▓
▓.▓
▓.▓
▓.▓
▓.▓
▓.▓
▓@▓
▓D▓
▓u▓
▓.▓
▓§▓
▓s▓
▓l▓
▓'▓
▓.▓


You could see an eight-headed hydra, a brown ugly thing, a wyvern and a
scorpion.

Vanquished Creatures
  A two-headed ogre (D)
  An eye of draining (D)
  A centaur (D)
  A scorpion (D)
  A howler monkey (D)
  An orc wizard (D)
  An adder (D)
  An orc (D)
  A bat skeleton (D)
  A goblin (D)
  A hobgoblin (D)
  A jackal (D)
  A quokka (D)
  A frilled lizard (D)
  2 rats (D)
16 creatures vanquished.

Notes
Turn   | Place    | Note
-------+----------+-------------------------------------------
     0 | D        | Quolop the Minotaur Fighter began the quest for the Orb.
     0 | D        | Reached XP level 1. HP: 19/19 MP: 0/0
    18 | D        | Noticed a centaur
    18 | D        | Noticed a scorpion
    25 | D        | Killed a centaur
    25 | D        | Reached skill level 5 in Long Blades
    25 | D        | Reached XP level 2. HP: 31/31 MP: 1/1
    25 | D        | Reached XP level 3. HP: 38/38 MP: 2/2
    25 | D        | Reached XP level 4. HP: 45/45 MP: 3/3
    32 | D        | Reached XP level 5. HP: 43/52 MP: 4/4
   215 | D        | Found a roughly hewn altar of Beogh.
   215 | D        | Found a snail-covered altar of Cheibriados.
   215 | D        | Found a shadowy altar of Dithmenos.
   215 | D        | Found a white marble altar of Elyvilon.
   215 | D        | Found a blossoming altar of Fedhas.
   215 | D        | Found an opulent altar of Gozag.
   216 | D        | Found a hazy altar of Hepliaklqana.
   217 | D        | Found a viscous altar of Jiyva.
   218 | D        | Found an ancient bone altar of Kikubaaqudgha.
   219 | D        | Found a corrupted altar of Lugonu.
   220 | D        | Found a burning altar of Makhleb.
   221 | D        | Found a sparkling altar of Nemelex Xobeh.
   222 | D        | Found an iron altar of Okawaru.
   223 | D        | Found a stormy altar of Qazlal.
   224 | D        | Found a sacrificial altar of Ru.
   225 | D        | Found a deep blue altar of Sif Muna.
   226 | D        | Found a bloodstained altar of Trog.
   227 | D        | Found a hide-covered altar of Uskayaw.
   228 | D        | Found a radiant altar of Vehumet.
   229 | D        | Found an ornate altar of the Wu Jian Council.
   230 | D        | Found a shimmering altar of Xom.
   231 | D        | Found a basalt altar of Yredelemnul.
   232 | D        | Found a glowing silver altar of Zin.
   233 | D        | Found a glowing golden altar of the Shining One.
   248 | D        | Became a worshipper of Warmaster Okawaru
   309 | D        | Noticed an eye of draining
   309 | D        | Noticed a two-headed ogre
   320 | D        | Killed an eye of draining
   320 | D        | Reached skill level 1 in Dodging
   320 | D        | Reached XP level 6. HP: 62/62 MP: 1/5
   326 | D        | Killed a two-headed ogre
   326 | D        | Reached * piety under Okawaru
   326 | D        | Reached ** piety under Okawaru
   326 | D        | Reached skill level 10 in Long Blades
   326 | D        | Reached skill level 10 in Shields
   326 | D        | Reached XP level 7. HP: 43/74 MP: 1/6
   489 | D        | Noticed a seven-headed hydra
   489 | D        | Noticed a brown ugly thing
   489 | D        | Noticed a wyvern
   503 | D        | Slain by an eight-headed hydra

Skill      XL: |  1  2  3  4  5  6 |
---------------+-------------------+-----
Fighting       | 6 7 8 11 | 11.0
Armour         | 6 7 8 11 | 11.1
Shields        | 6 8 10 | 10.3
Long Blades    | 5 7 10 | 10.5
Dodging        | 1 |  1.5

Action                   |  1- 3 |  4- 6 |  7- 9 || total
-------------------------+-------+-------+-------++-------
Melee: Long sword        |    12 |     7 |       ||    19
       Headbutt          |     2 |     7 |     1 ||    10
       Scimitar          |       |    17 |    15 ||    32
Evoke: Wand              |       |       |     2 ||     2
  Use: Potion            |     2 |       |     2 ||     4
       Scroll            |       |       |     1 ||     1
Armor: Scale mail        |     4 |     3 |    21 ||    28
Dodge: Dodged            |     2 |    10 |    10 ||    22
Block: Shield            |     3 |     6 |    13 ||    22
       Rpst.: Long sword |       |     2 |       ||     2
